 Dungeon Crawl Stone Soup version 0.24-a0-408-gcc1054c7ca (webtiles) character file.

Game seed: 17886476663296863068

91 Holzbalken the Poker (level 4, -12/34 HPs)
             Began as a Demonspawn Gladiator on June 5, 2019.
             Was an Initiate of Qazlal.
             Mangled by an orc warrior
             ... wielding a +0 flail
              (15 damage)
             ... on level 2 of the Dungeon.
             The game lasted 00:08:09 (2524 turns).

Holzbalken the Poker (Demonspawn Gladiator)         Turns: 2524, Time: 00:08:09

Health: -12/34     AC:  7    Str: 15    XL:     4   Next: 33%
Magic:  4/4        EV: 10    Int: 10    God:    Qazlal [......]
Gold:   171        SH:  0    Dex: 14    Spells: 3/3 levels left

rFire    . . .     SeeInvis .     - Unarmed
rCold    . . .     Gourm    .   (no shield)
rNeg     . . .     Faith    .   o - +0 scale mail (curse)
rPois    .         Spirit   .   c - +0 helmet
rElec    .         Reflect  .   (no cloak)
rCorr    .         Harm     .   (no gloves)
MR       .....                  (no boots)
Stlth    ..........             (no amulet)
HPRegen  0.11/turn              (no ring)
MPRegen  0.09/turn              (no ring)

@: no status effects
A: claws 1, demonic guardian 1
a: Renounce Religion


You were on level 2 of the Dungeon.
You worshipped Qazlal.
Qazlal was noncommittal.
You were not hungry.

You visited 1 branch of the dungeon, and saw 3 of its levels.

You collected 171 gold pieces.

Inventory:

Hand Weapons
 a - a +0 trident
Missiles
 d - 4 throwing nets (quivered)
Armour
 b - a +0 leather armour
 c - a +0 helmet (worn)
 o - a cursed +0 scale mail (worn)
Jewellery
 j - an uncursed ring of stealth {unknown}
Wands
 q - a wand of iceblast (7)
Scrolls
 h - a scroll of teleportation {unknown}
 i - 5 scrolls of remove curse {unknown}
 k - 3 scrolls of identify {unknown}
 n - 3 scrolls of immolation {unknown}
 r - a scroll of amnesia {unknown}
Potions
 e - a potion of haste
 l - a potion of brilliance {unknown}
 m - 2 potions of lignification {unknown}
 p - a potion of might {unknown}
Comestibles
 f - 8 rations


   Skills:
 + Level 2.8 Fighting
 - Level 3.2 Polearms
 - Level 1.7 Throwing
 - Level 2.6 Dodging
 * Level 2.5 Unarmed Combat


You had 3 spell levels left.
You didn't know any spells.
Your spell library was empty.

Dungeon Overview and Level Annotations

Branches:
Dungeon (3/15)

Altars:
Ashenzari
Qazlal


Innate Abilities, Weirdness & Mutations

You have sharp fingernails.
A weak demonic guardian rushes to your aid.


Message History

Your ufetubus hits the orc warrior but does no damage.
There is a stone staircase leading up here.
Your ufetubus hits the orc warrior but does no damage.
Your ufetubus misses the orc warrior.
The orc warrior hits your ufetubus with a +0 flail!
Your ufetubus dies!
The orc warrior barely misses you.
You climb upwards.
There is a stone staircase leading down here.
You see here a stone.
You scratch the orc warrior but do no damage.
The orc warrior is almost dead.
You scratch the orc warrior.
The orc warrior is almost dead.
The orc warrior hits you with a +0 flail.
* * * LOW HITPOINT WARNING * * *
You scratch the orc warrior but do no damage.
The orc warrior is almost dead.
The orc warrior hits you with a +0 flail!
You die...

########## # #........#
########## #
#........###........###
#........#.(.(.####....
#..........#...# #####
##### #....o@........# ###
....#######........##....#
#.#
....#........##.#####....#
#.#
......#########.#........#
#.# ....### #.#........#
###.. .....##
#.#........####...#
......#
#.##.......##...###
....#.## #......).#.#..###
# ....#..####
####.......#.## ##


You could see an orc warrior.

Vanquished Creatures
  3 adders (D:2)
  2 oozes
  2 worms (D:2)
  3 orcs (D:3)
  3 giant cockroaches
  7 goblins
  3 hobgoblins
  4 jackals
  A quokka (D:2)
  A ball python (D:3)
  4 bats
  2 frilled lizards
  3 kobolds
  11 rats
49 creatures vanquished.

Notes
Turn   | Place    | Note
-------+----------+-------------------------------------------
     0 | D:1      | Holzbalken the Demonspawn Gladiator began the quest for the
                  | Orb.
     0 | D:1      | Reached XP level 1. HP: 16/16 MP: 1/1
   119 | D:1      | Reached skill level 3 in Polearms
   326 | D:1      | Gained mutation: You have sharp fingernails. [demonic
                  | ancestry]
   326 | D:1      | Reached XP level 2. HP: 22/22 MP: 2/2
   630 | D:2      | HP: 1/22 [poisoned by an adder]
   887 | D:2      | Reached skill level 1 in Unarmed Combat
   913 | D:2      | Reached XP level 3. HP: 23/28 MP: 3/3
  1642 | D:2      | Found a stormy altar of Qazlal.
  1695 | D:2      | Became a worshipper of Qazlal Stormbringer
  2073 | D:3      | Gained mutation: A weak demonic guardian rushes to your
                  | aid. [demonic ancestry]
  2073 | D:3      | Reached XP level 4. HP: 34/34 MP: 4/4
  2251 | D:3      | Found a shattered altar of Ashenzari.
  2307 | D:3      | Noticed an orc warrior
  2524 | D:2      | Mangled by an orc warrior

Levels and vault maps discovered:
D:1:      nzn_arrival_crosshair, layout_loops_ring, chequers_serial_rivers_marsh
D:2:      layout_rooms, grunt_qazlal_clouds
D:3:      layout_basic, first_ration, palyth_stone_intersect,
          evilmike_ruin_ashenzari

Skill      XL: |  1  2  3 |
---------------+----------+-----
Polearms       | 3 |  3.2
Unarmed Combat | 1 2 |  2.5
Fighting       | |  2.8
Throwing       | |  1.7
Dodging        | |  2.6

Action                   |  1- 3 |  4- 6 || total
-------------------------+-------+-------++-------
Melee: Trident           |    17 |       ||    17
       Unarmed           |   126 |    63 ||   189
       Punch             |     1 |       ||     1
  Use: Potion            |     3 |       ||     3
 Stab: Sleeping          |     1 |       ||     1
  Eat: Chunk             |     4 |     1 ||     5
Armor: Leather armour    |    27 |       ||    27
       Scale mail        |    14 |    28 ||    42
Dodge: Dodged            |    77 |    40 ||   117

Table legend:
 A = Non-vault XP
 B = Vault XP
 C = Vault XP percentage of total XP
 D = Non-vault monster count
 E = Vault monster count
 F = Vault count percentage of total count
                 A         B        C        D         E       F
            +---------+---------+-------+---------+---------+-------
      Total |     130 |       0 |   0.0 |      49 |       0 |   0.0
            +---------+---------+-------+---------+---------+-------
        D:1 |      14 |       0 |   0.0 |       9 |       0 |   0.0
        D:2 |      80 |       0 |   0.0 |      23 |       0 |   0.0
        D:3 |      36 |       0 |   0.0 |      17 |       0 |   0.0
            +---------+---------+-------+---------+---------+-------
